 Dungeon Crawl Stone Soup version 0.18-a0-1343-g48c8f86 (webtiles) character file.

989 M4edhros the Martial Artist (level 7, -7/52 HPs)
             Began as a Mummy Monk on Feb 16, 2016.
             Mangled by Edmund
             ... wielding a +0 flail of holy wrath
              (13 damage)
             ... on level 6 of the Dungeon.
             The game lasted 00:13:31 (8844 turns).

M4edhros the Martial Artist (Mummy Monk)            Turns: 8844, Time: 00:13:31

Health: -7/52      AC:  3    Str: 14      XL:     7   Next: 98%
Magic:  16/16      EV: 12    Int:  9      God:
Gold:   58         SH:  0    Dex: 10 (13) Spells: 0 memorised, 6 levels left

rFire  . . .     SeeInvis +       - Unarmed
rCold  + . .     Gourm    .     (no armour)
rNeg   + + +     Faith    .     (no shield)
rPois  ∞         Spirit   .     (no helmet)
rElec  .         Dismiss  .     (no cloak)
rCorr  +         Reflect  .     h - +2 pair of gloves "Heutuku" {rPois MP+9 Dex-4 SInv}
SustAt .         Harm     .     (no boots)
MR     .....                    (no amulet)
Stlth  ++........               a - ring of resist corrosion
                                d - ring of protection from fire

@: not resistant to hostile enchantments, unstealthy
A: no food or potions, fire vulnerability, cold resistance 1, negative energy
resistance 3, torment resistance, unbreathing
a: no special abilities


You were on level 6 of the Dungeon.
You were not hungry.

You visited 1 branch of the dungeon, and saw 6 of its levels.

You collected 267 gold pieces.
You spent 209 gold pieces at shops.

Inventory:

Missiles
 b - 59 arrows
Armour
 c - a +1 shield
 h - the +2 pair of gloves "Heutuku" (worn) {rPois MP+9 Dex-4 SInv}
   (You bought it in a shop on level 6 of the Dungeon)

   It affects your dexterity (-4).
   It protects you from poison.
   It affects your magic capacity (+9).
   It lets you see invisible.
Jewellery
 a - a ring of resist corrosion (right hand)
 d - a ring of protection from fire (left hand)
 n - an uncursed ring of flight {unknown}
Wands
 o - a wand of confusion (13/48)
Scrolls
 e - a scroll of enchant weapon {unknown}
 g - 6 scrolls of identify
 i - a scroll of enchant armour
 j - a scroll of noise
 k - 3 scrolls of teleportation
 l - 3 scrolls of fog {unknown}
 m - a scroll of remove curse
Comestibles
 f - 5 fruits (quivered)


   Skills:
 - Level 3.0 Fighting
 - Level 3.2 Dodging
 - Level 1.5 Stealth
 - Level 0.1 Shields
 + Level 8.1 Unarmed Combat


You had 6 spell levels left.
You didn't know any spells.

Dungeon Overview and Level Annotations

Branches:
Dungeon (6/15)             Temple (0/1) D:4

Altars:

Shops:
D:6 [

Annotations:
D:3 namelastname112's ghost, amateur DrMo
D:5 Eustachio
D:6 Edmund


Innate Abilities, Weirdness & Mutations

You do not eat or drink.
Your flesh is vulnerable to fire.
You are immune to poison.
Your flesh is cold resistant.
You are immune to negative energy.
You are immune to unholy pain and torment.
You can survive without breathing.


Message History

Edmund hits you with a flail of holy wrath.
You convulse!
You punch Edmund!
Edmund is moderately wounded.
Edmund closely misses you.
You closely miss Edmund.
Edmund is moderately wounded.
You hit Edmund but do no damage.
Edmund is moderately wounded.
Edmund hits you with a flail of holy wrath!
You convulse!
* * * LOW HITPOINT WARNING * * *
There is an open door here.
Edmund says, "I'm quite good with sums, too."
Edmund barely misses you.
Edmund asks, "Have you met my wondrous brother?"
Edmund hits you with a flail of holy wrath!
* * * LOW HITPOINT WARNING * * *
You convulse!
You die...

..............##.##.#.# #.#
#.# ..............##.##.#.#
#.# #.#
..............##.##.#.# #.#
#.#
#######.......##.##.#.#####.#
#.# ######...###.##.#.#...#.#
#.#
#####...##...###.##.#.#.#.#.#
#.#
........'.....##.##.#.#.#.#.#
#.#
#####...##....##.##.#.#.#[#.#
#.# #..........#@##.#.#.#.#.#
#.# #........#.#@##'#.#.#.#.#
#.# ####...###.#.#...)#.#.#.#
#.# #...# #)..#....#.#.#.#
#.# #...# ##..#....#.#.#.#
#.# #...# #..#)...#<#.#.# #.#
#...# #..#....###.#.# #.#
######## #..#........#.# #.#
#......# #..#...######.# #.#


You could see Edmund.

Vanquished Creatures
  3 ogres
  A giant frog (D:6)
  Blork the orc (D:6)
  2 scorpions
  A jelly (D:5)
  A giant frog zombie (D:5)
  An iguana (D:5)
  Jessica (D:2)
  An orc wizard (D:4)
  5 worker ants
  2 worker ant zombies
  10 adders
  2 oozes
  An adder skeleton (D:5)
  4 worms
  2 giant geckos
  15 orcs
  7 giant cockroaches
  10 goblins
  5 hobgoblins
  7 jackals
  5 kobolds
  2 quokkas
  2 ball pythons
  12 bats
  A giant gecko skeleton (D:4)
  A giant gecko zombie (D:5)
  8 giant newts
  A quokka zombie (D:6)
  8 rats
122 creatures vanquished.

Vanquished Creatures (others)
  A worm (D:2)
  2 goblins (D:2)
  A bat (D:2)
4 creatures vanquished.

Grand Total: 126 creatures vanquished

Notes
Turn   | Place    | Note
--------------------------------------------------------------
     0 | D:1      | M4edhros the Mummy Monk began the quest for the Orb.
     0 | D:1      | Reached XP level 1. HP: 18/18 MP: 1/1
   509 | D:1      | Reached XP level 2. HP: 21/24 MP: 2/2
  1368 | D:2      | Reached XP level 3. HP: 27/29 MP: 3/3
  2047 | D:2      | Noticed Jessica
  2054 | D:2      | Killed Jessica
  2054 | D:2      | Reached skill level 4 in Unarmed Combat
  2054 | D:2      | Reached XP level 4. HP: 28/35 MP: 4/4
  3316 | D:3      | Noticed namelastname112's ghost (amateur DrMo)
  3899 | D:3      | Reached XP level 5. HP: 12/41 MP: 5/5
  4272 | D:3      | Reached skill level 5 in Unarmed Combat
  5153 | D:4      | Reached XP level 6. HP: 37/47 MP: 6/6
  5495 | D:4      | Reached skill level 6 in Unarmed Combat
  5577 | D:4      | Found a staircase to the Ecumenical Temple.
  5599 | D:5      | Entered Level 5 of the Dungeon
  5687 | D:5      | Noticed Eustachio
  6342 | D:5      | Reached XP level 7. HP: 52/52 MP: 7/7
  6611 | D:5      | Reached skill level 7 in Unarmed Combat
  8219 | D:6      | Found Othreheip's Antique Armour Shoppe.
  8222 | D:6      | Bought a pair of spiked gloves for 209 gold pieces
  8227 | D:6      | Identified the +2 pair of gloves "Heutuku" {rPois MP+9 Dex-4 SInv} (You bought it in a shop on level 6 of the Dungeon)
  8256 | D:6      | Noticed Blork the orc
  8278 | D:6      | Killed Blork the orc
  8593 | D:6      | Reached skill level 8 in Unarmed Combat
  8762 | D:6      | Noticed Edmund
  8770 | D:6      | HP: 2/52 [Edmund/flail of holy wrath (14)]
  8844 | D:6      | Mangled by Edmund

Vault maps used:
D:1:      lemuel_arrival_tunnels, grunt_decor_mini_mirrors,
          kennysheep_decorative_pillar
D:2:      first_bread, hex_tiny, lemuel_old_faithful, uniq_jessica
D:3:      roderic_roman_lattice
D:4:      minmay_temple_entry_statues_pillars
D:5:      uniq_eustachio
D:6:      serial_shops, kennysheep_mini, uniq_edmund, uniq_blork_the_orc

Action                   |  1- 3 |  4- 6 |  7- 9 || total
-------------------------+-------+-------+-------++-------
Melee: Unarmed           |   138 |   310 |   122 ||   570
  Use: Scroll            |     1 |     1 |     4 ||     6
 Stab: Sleeping          |     8 |     9 |     1 ||    18
       Distracted        |       |     2 |       ||     2
       Fleeing           |       |       |     1 ||     1
